 Dungeon Crawl Stone Soup version 0.26.1-10-gdfb7c7de75 (webtiles) character file.

Game seed: 3168322511212115201

67 jifgo the Firebug (level 3, -1/19 HPs)
             Began as a Deep Elf Fire Elementalist on Apr 8, 2021.
             Succumbed to Robin's poison
             ... on level 1 of the Dungeon.
             The game lasted 00:02:42 (1579 turns).

jifgo the Firebug (Deep Elf Fire Elementalist)      Turns: 1579, Time: 00:02:43

Health: -1/19      AC:  3    Str:  5    XL:     3   Next: 98%
Magic:  4/10       EV: 13    Int: 20    God:
Gold:   21         SH:  0    Dex: 15    Spells: 5/9 levels left

rFire    . . .     SeeInvis .   b - +2 dagger (pain)
rCold    . . .     Faith    .   (no shield)
rNeg     . . .     Spirit   .   a - +0 robe
rPois    .         Reflect  .   (no helmet)
rElec    .         Harm     .   (no cloak)
rCorr    .         Rampage  .   (no gloves)
Will     .....                  d - +0 pair of boots
Stlth    ++........             (no amulet)
HPRegen  0.06/turn              (no ring)
MPRegen  0.12/turn              (no ring)

@: mighty, lethally poisoned (-1 -> -32), very slightly contaminated, invisible
A: no striking features
a: no special abilities


You were on level 1 of the Dungeon.
You visited 1 branch of the dungeon, and saw 2 of its levels.

You collected 21 gold pieces.

Inventory:

Hand Weapons
 b - a +2 dagger of pain (weapon)
Armour
 a - a +0 robe (worn)
 d - a +0 pair of boots (worn)
Scrolls
 c - a scroll of magic mapping {unknown}
 e - a scroll of enchant weapon {unknown}
 h - 2 scrolls of remove curse {unknown}
 i - a scroll of teleportation {unknown}
Potions
 f - a potion of invisibility


   Skills:
 + Level 0.1 Fighting
 + Level 0.2 Short Blades
 + Level 3.1 Dodging
 + Level 2.4 Stealth
 + Level 3.7 Spellcasting
 + Level 1.4 Conjurations
 + Level 4.3 Fire Magic


You had 5 spell levels left.
You knew the following spells:

 Your Spells              Type           Power        Failure   Level
a - Conjure Flame         Conj/Fire      15%          12%         3
x - Foxfire               Conj/Fire      60%          4%          1

Your spell library contained the following spells:

 Spells                   Type           Power        Failure   Level
 Inner Flame              Hex/Fire       12%          16%         3
 Sticky Flame             Conj/Fire      15%          36%         4
 Fireball                 Conj/Fire      7%           73%         5


Dungeon Overview and Level Annotations

Branches:
Dungeon (2/15)

Altars:
Zin

Annotations:
D:1 Robin


Message History

Casting: Foxfire (safe; 4% risk of failure)
Confirm with . or Enter, or press ? or * to list all spells.
You conjure some foxfire!
You feel sick.
Robin hits you with a +0 dagger of venom.
You are more poisoned.
* * * LOW HITPOINT WARNING * * *
You feel sick.
The foxfire hits Robin.
Robin is severely wounded.
The foxfire hits Robin.
Robin is severely wounded.
Robin misses you.
It was a potion of invisibility.
You fade into invisibility!
* * * LOW HITPOINT WARNING * * *
You feel very sick. Robin closely misses you.
You are very lightly contaminated with residual magic.
It was a potion of might.
You feel very mighty all of a sudden.
You die...

##### ####### #....
#.....# #.###
#g....#########.###
#.@................
#......#.######.###
#..................
#......#...........
##......####.....###
#..........#.###.#
#))....##.##.# #.#
#.#######.##.# #.#
#.######.^...# #.#


You could see Robin.

Vanquished Creatures
  An ooze (D:1)
  A worm (D:2)
  2 dart slugs (D:1)
  2 leopard geckos
  6 bats
  4 giant cockroaches
  8 goblins
  6 hobgoblins
  7 jackals (D:1)
  4 kobolds
  A ball python (D:1)
  2 frilled lizards
  4 rats
48 creatures vanquished.

Vanquished Creatures (others)
  129 foxfires
  12 plants (D:1)
141 creatures vanquished.

Grand Total: 189 creatures vanquished

Notes
Turn   | Place    | Note
-------+----------+-------------------------------------------
     0 | D:1      | jifgo the Deep Elf Fire Elementalist began the quest for
                  | the Orb.
     0 | D:1      | Reached XP level 1. HP: 10/10 MP: 6/6
   172 | D:1      | Reached XP level 2. HP: 15/15 MP: 4/8
   625 | D:1      | Reached skill level 4 in Fire Magic
   707 | D:1      | Reached XP level 3. HP: 15/19 MP: 4/9
  1449 | D:2      | Learned a level 3 spell: Conjure Flame
  1512 | D:2      | Found a glowing silver altar of Zin.
  1551 | D:2      | Noticed Robin
  1579 | D:1      | Succumbed to Robin's poison

Illustrated notes

Levels and vault maps discovered:
D:1:      mrwooster_arrival_statue_3, layout_basic, serial_bayou_ford_a,
          minmay_pentomino_v4
D:2:      layout_basic, nicolae_overflow_crystal_walls, roderic_lattice_a,
          uniq_crazy_yiuf_cottage, uniq_robin

Skill      XL: |  1  2  3 |
---------------+----------+-----
Fire Magic     | 4 |  4.3
Dodging        | 3 |  3.1
Fighting       | |  0.1
Short Blades   | |  0.2
Stealth        | |  2.4
Spellcasting   | |  3.7
Conjurations   | |  1.4

Action                   || total
-------------------------++-------
Melee: Dagger            ||     5
 Cast: Foxfire           ||    79
  Use: Potion            ||     2
Armor: Robe              ||     8
Dodge: Dodged            ||    36
